 Dungeon Crawl Stone Soup version 0.29-a0-330-g52719c12eb (webtiles) character file.

Game seed: 8719103794505731764

123 kae the Firebug (level 4, -15/35 HPs)
             Began as a Demigod Fire Elementalist on Apr 21, 2022.
             Killed from afar by Ijyb (20 damage)
             ... with a bolt of acid
             ... on level 3 of the Dungeon.
             The game lasted 00:00:57 (1795 turns).

kae the Firebug (Demigod Fire Elementalist)         Turns: 1795, Time: 00:00:57

Health: -15/35     AC:  3    Str:  9    XL:     4   Next: 51%
Magic:  8/10       EV: 12    Int: 21    God:
Gold:   51         SH:  0    Dex: 14    Spells: 1/7 levels left

rFire   . . .      SeeInvis .   (no weapon)
rCold   . . .      Faith    .   (no shield)
rNeg    . . .      Spirit   .   a - +0 robe
rPois   .          Reflect  .   (no helmet)
rElec   .          Harm     .   i - +0 cloak
rCorr   .          Rampage  .   (no gloves)
Will    .....                   (no boots)
Stlth   ++........              (no amulet)
HPRegen 0.11/turn               (no ring)
MPRegen 0.12/turn               (no ring)

@: no status effects
A: high MP 1, forlorn, divine attributes
a: no special abilities


You were on level 3 of the Dungeon.
You visited 1 branch of the dungeon, and saw 3 of its levels.

You collected 51 gold pieces.

Inventory:

Armour
 a - a +0 robe (worn)
 i - a +0 cloak (worn)
Potions
 b - a potion of attraction {unknown}
 c - a potion of curing
 e - a potion of degeneration


   Skills:
 + Level 1.5 Fighting
 - Level 1.7 Dodging
 - Level 1.7 Stealth
 + Level 2.4 Spellcasting
 + Level 2.0 Conjurations
 * Level 3.8 Fire Magic


You had one spell level left.
You knew the following spells:

 Your Spells              Type           Power      Damage    Failure   Level
a - Foxfire               Conj/Fire      56%        2x1d6     4%          1
b - Scorch                Fire           36%        2d7       4%          2
c - Conjure Flame         Conj/Fire      14%        6-21      13%         3

Your spell library contained the following spells:

 Spells                   Type           Power      Damage    Failure   Level
 Animate Skeleton         Necr           4%         N/A       14%         1
 Apportation              Tloc           4%         N/A       14%         1
 Slow                     Hex            8%         N/A       14%         1
 Summon Small Mammal      Summ           8%         N/A       14%         1
 Inner Flame              Hex/Fire       10%        N/A       19%         3
 Confusing Touch          Hex            2%         N/A       38%         3
 Portal Projectile        Hex/Tloc       4%         N/A       38%         3
 Vampiric Draining        Necr           2%         2d6       38%         3
 Flame Wave               Conj/Fire      14%        2d6       38%         4
 Blade Hands              Tmut           1%         N/A       98%         5
 Excruciating Wounds      Necr           1%         N/A       98%         5


Dungeon Overview and Level Annotations

Branches:
Dungeon (2/15)

Annotations:
D:3 Ijyb


Innate Abilities, Weirdness & Mutations

You have an increased reservoir of magic. (+10% MP)
You shall have no god before yourself.
Your divine heritage dramatically boosts your attributes as you level up.


Message History

You now have 51 gold pieces (gained 19).
Things that are here:
a +0 club; 3 stones
Casting: Foxfire (safe; 4% risk of failure)
Confirm with . or Enter, or press ? or * to list all spells.
You conjure some foxfire!
Your foxfire dissipates! x2
c - a potion of curing
Casting: Foxfire (safe; 4% risk of failure)
Confirm with . or Enter, or press ? or * to list all spells.
You conjure some foxfire!
Your foxfire dissipates!
You pick up a book of Cantrips and begin reading...
You add the spells Animate Skeleton, Summon Small Mammal and Apportation to your library.
Found a hazy altar of Hepliaklqana.
Casting: Foxfire (safe; 4% risk of failure)
Confirm with . or Enter, or press ? or * to list all spells.
You conjure some foxfire!
Your foxfire dissipates! x2
You open the door. You open the door.
Ijyb the Twisted Goblin comes into view.
She is wielding a +0 dagger and carrying a wand of acid (7).
There is an open door here.
Casting: Foxfire (safe; 4% risk of failure)
Confirm with . or Enter, or press ? or * to list all spells.
You conjure some foxfire!
The foxfire hits Ijyb but does no damage.
Ijyb shouts!
Ijyb zaps a wand.
The bolt of acid hits you!!
Ouch! That really hurt!
* * * LOW HITPOINT WARNING * * *
Ijyb is nearby!
Casting: Foxfire (safe; 4% risk of failure)
Confirm with . or Enter, or press ? or * to list all spells.
You conjure some foxfire!
The foxfire hits Ijyb.
Ijyb is lightly wounded.
Ijyb zaps a wand.
The bolt of acid hits you!!
Ouch! That really hurt!
You die...

...## ...# .... ..g #..
#§# #§# ##@## ..#
##.vv## . ... ##..§..##
#.##.. ##.......##
##.#...####.........#
..........'.........+
#......###.........#
.....................
.####.._..####..≈≈≈≈...


You could see Ijyb (ally target).

Vanquished Creatures
  3 orc wizards (D:3)
  2 adders (D:3)
  A worm (D:3)
  A dart slug (D:3)
  2 orcs (D:3)
  2 endoplasms
  3 hobgoblins
  3 quokkas (D:1)
  2 ball pythons (D:1)
  4 bats
  2 frilled lizards
  3 kobolds
  2 rats (D:1)
30 creatures vanquished.

Vanquished Creatures (others)
  153 foxfires
153 creatures vanquished.

Grand Total: 183 creatures vanquished

Notes
Turn   | Place    | Note
-------+----------+-------------------------------------------
     0 | D:1      | kae the Demigod Fire Elementalist began the quest for the
                  | Orb.
     0 | D:1      | Reached XP level 1. HP: 14/14 MP: 5/5
    76 | D:1      | Reached skill level 1 in Conjurations
   486 | D:1      | Reached XP level 2. HP: 22/22 MP: 4/7
   556 | D:1      | Reached skill level 3 in Fire Magic
   866 | D:2      | You fall into a shaft and drop 1 floor!
   997 | D:3      | Reached skill level 1 in Fighting
   997 | D:3      | Reached XP level 3. HP: 27/28 MP: 3/8
  1029 | D:3      | Reached XP level 4. HP: 5/35 MP: 5/10
  1325 | D:3      | Learned a level 2 spell: Scorch
  1426 | D:3      | Learned a level 3 spell: Conjure Flame
  1791 | D:3      | Noticed Ijyb
  1795 | D:3      | Killed from afar by Ijyb

Illustrated notes

Levels and vault maps discovered:
D:1:      ncdulo_halloftheorcs, layout_basic
D:2:      layout_basic, basic_altar
D:3:      layout_loops_corners, xom_redecorated, mainiacjoe_overflow_boulevard,
          minmay_hedge_maze, uniq_ijyb

Skill      XL: |  1  2  3  4 |
---------------+-------------+-----
Conjurations   | 1 2 |  2.0
Fire Magic     | 3 |  3.8
Spellcasting   | 2 |  2.4
Fighting       | 1 |  1.5
Dodging        | |  1.7
Stealth        | |  1.7

Action                   |  1- 3 |  4- 6 || total
-------------------------+-------+-------++-------
Melee: Unarmed           |    11 |       ||    11
 Cast: Foxfire           |    55 |    35 ||    90
  Use: Scroll            |     3 |       ||     3
       Potion            |     5 |       ||     5
Armor: Robe              |     9 |     4 ||    13
Dodge: Dodged            |    20 |     9 ||    29

Table legend: (Time is in decaauts)
 A = Elapsed time spent in this place.
 B = Non-inter-level travel time spent in this place.
 C = Inter-level travel time spent in this place.
 D = Time resting spent in this place.
 E = Time spent auto-exploring this place.
 F = Levels seen in this place.
 G = Mean time per level.
                   A        B        C        D        E       F      G
               +--------+--------+--------+--------+--------+-----+--------+
         Total |   1795 |   1770 |     25 |     20 |   1441 |   3 |  598.3 |
       Dungeon |   1795 |   1770 |     25 |     20 |   1441 |   3 |  598.3 |
               +--------+--------+--------+--------+--------+-----+--------+

Top non-repeatable levels by time:
     D:3: 930 daAuts
     D:1: 824 daAuts
     D:2: 41 daAuts
